Map: Terraformation EC (Void)

Players

rawfriez - Winner!

  • Race: Terran Terran
  • League: Silver

AgCl

  • Race: Protoss Protoss
  • League: Silver

VOD

Have the link to the VOD?

Description

Time

  • Played on: July 17, 2015, 6:04 p.m.
  • Length: 3:54
Show
View Real Time Build Order
Export as new Build Order

rawfriez Terran - Winner!

Build Orders: 1/1/1, Hellion Opening 

Get SALT Encoding   

  12  0:01  SCV  
  13  0:16  Supply Depot  
  13  0:21  Refinery  
  13  0:24  SCV  
  14  0:36  SCV  
  14  0:42  Barracks  
  15  0:48  SCV  
  16  1:01  SCV  
  17  1:13  SCV  
  18  1:31  Orbital Command  
  18  1:32  Factory  
  18  1:40  Barracks Reactor  
  18  1:41  Supply Depot  
  18  1:57  Supply Depot  
  18  2:00  SCV  
  19  2:12  SCV  
  20  2:18  Starport  
  20  2:22  Hellion x2  
  24  2:26  SCV  
  25  2:34  Supply Depot  
  25  2:43  Hellion  
  25  2:44  Hellion  
  29  2:47  SCV  
  30  2:55  Medivac  
  30  2:57  Supply Depot  
  32  3:01  SCV  
  33  3:18  Hellion x2  
  37  3:21  SCV  
  38  3:28  Command Center  
  38  3:35  SCV  
Show
View Real Time Build Order
Export as new Build Order

AgCl Protoss 

Build Orders:  

Get SALT Encoding   

  12  0:20  Probe  
  13  0:23  Pylon  
  13  0:32  Probe  
  14  0:44  Probe  
  14  0:49  Gateway  
  15  0:56  Probe  
  16  1:08  Probe  
  16  1:10  Assimilator  
  17  1:20  Probe, Pylon  
  18  1:32  Probe (Chrono Boost)  
  19  1:36  Zealot (Chrono Boost)  
  21  1:41  Assimilator  
  21  1:42  Probe (Chrono Boost)  
  22  1:49  Probe  
  22  2:01  Probe (Chrono Boost)  
  22  2:06  Cybernetics Core  
  23  2:13  Probe (Chrono Boost)  
  24  2:19  Probe (Chrono Boost)  
  24  2:21  Nexus  
  25  2:31  Probe  
  26  2:43  Probe (Chrono Boost)  
  27  2:48  Stargate  
  27  2:49  Pylon  
  27  2:55  Mothership Core (Chrono Boost)  
  29  3:09  Probe  
  30  3:20  Adept  
  30  3:21  Probe  
  31  3:27  Gateway  
  31  3:30  Forge  
Tags
 
Add a new tag
Caveats
  • Supply blocks, unpowered buildings, or Contaminate may cause inaccurate times.
  • Supply counts are checked every 10 seconds.